SL
CHICAGO GOLD SOX @ RICHARDSON CITY THUNDERCATS
08/20/2031
 
TOP OF THE 1ST
Chicago Gold Sox batting - Pitching for Richardson City Thundercats : RHP Júlio Martínez
Pitching: RHP Júlio Martínez
Batting: LHB Shigenobu Ohayashi 0-0: Called Strike
0-1: Foul Ball, location: 2F
0-2: Ball
1-2: Foul Ball, location: 2F
1-2: Foul Ball, location: 2F
1-2: Ball
2-2: SOLO HOME RUN (Line Drive, 89XD), Distance : 398 ft
Batting: LHB Noel Ballard 0-0: Ball
1-0: Ball
2-0: Ground out 6-3 (Groundball, 6M)
Batting: SHB Lupo Cotto 0-0: Ball
1-0: Ball
2-0: Called Strike
2-1: Foul Ball, location: 2F
2-2: Foul Ball, location: 2F
2-2: Fly out, F4 (Popup, 4)
Batting: RHB Ben Kennerly 0-0: Called Strike
0-1: SINGLE (Line Drive, 4MD)
Batting: LHB Sergio Rodríguez 0-0: Called Strike
Ben Kennerly steals 2nd base
0-1: Ground out U3 (Groundball, 34S)
Top of the 1st over - 1 run, 2 hits, 0 errors, 1 left on base; Chicago 1 - Richardson City 0
BOTTOM OF THE 1ST
Richardson City Thundercats batting - Pitching for Chicago Gold Sox : RHP Tom McKee
Pitching: RHP Tom McKee
Batting: LHB Eduardo Álvarez 0-0: Ball
1-0: Foul Ball, location: 2F
1-1: Ball
2-1: SINGLE (Groundball, 34D)
Batting: LHB Juan Macíel 0-0: Called Strike
0-1: Foul Ball, location: 2F
0-2: Fielders Choice at 2nd, 4-6 (Groundball, 4)
Batting: SHB Mitch Qualtrough 0-0: Ball
Juan Macíel is caught stealing 2nd base
1-0: Called Strike
1-1: Fly out, F7 (Flyball, 7LMF)
Bottom of the 1st over - 0 runs, 1 hit, 0 errors, 0 left on base; Chicago 1 - Richardson City 0
TOP OF THE 2ND
Chicago Gold Sox batting - Pitching for Richardson City Thundercats : RHP Júlio Martínez
Batting: RHB Zeus Preckwinkle 0-0: SINGLE (Groundball, 6MD)
Batting: RHB Jorge Baker 0-0: Called Strike
Zeus Preckwinkle steals 2nd base
0-1: Ball
1-1: Ball
2-1: Ground out 6-3 (Groundball, 6M)
Zeus Preckwinkle to third
Batting: LHB Eddie Flynn 0-0: Ball
1-0: Ground out U3 (Groundball, 3L)
Batting: RHB Jeb Sexton 0-0: Fly out, F6 (Popup, 15)
Top of the 2nd over - 0 runs, 1 hit, 0 errors, 1 left on base; Chicago 1 - Richardson City 0
BOTTOM OF THE 2ND
Richardson City Thundercats batting - Pitching for Chicago Gold Sox : RHP Tom McKee
Batting: LHB Eric Thackston 0-0: Ball
1-0: Called Strike
1-1: Swinging Strike
1-2: Strikes out looking
Batting: LHB Fernando Ramírez 0-0: Ball
1-0: Called Strike
1-1: Swinging Strike
1-2: Ball
2-2: Fly out, F7 (Flyball, 78S)
Batting: RHB Tomás Martínez 0-0: Foul Ball, location: 2F
0-1: Called Strike
0-2: Strikes out swinging
Bottom of the 2nd over - 0 runs, 0 hits, 0 errors, 0 left on base; Chicago 1 - Richardson City 0
TOP OF THE 3RD
Chicago Gold Sox batting - Pitching for Richardson City Thundercats : RHP Júlio Martínez
Batting: LHB Shigenobu Ohayashi 0-0: Called Strike
0-1: Bunted foul
0-2: Foul Ball, location: 2F
0-2: SINGLE (Groundball, 2L) (infield hit)
Batting: LHB Noel Ballard 0-0: Ball
1-0: Foul Ball, location: 2F
1-1: Called Strike
Shigenobu Ohayashi steals 2nd base
1-2: Ground out 6-3 (Groundball, 6M)
Shigenobu Ohayashi to third
Batting: SHB Lupo Cotto 0-0: Swinging Strike
0-1: Called Strike
0-2: SINGLE (Groundball, 3D)
Shigenobu Ohayashi scores
Batting: RHB Ben Kennerly 0-0: Ball
1-0: Fly out, F9 (Flyball, 9LS)
Batting: LHB Sergio Rodríguez 0-0: Foul Ball, location: 2F
0-1: Called Strike
0-2: Ball
1-2: Foul Ball, location: 2F
1-2: Strikes out looking
Top of the 3rd over - 1 run, 2 hits, 0 errors, 1 left on base; Chicago 2 - Richardson City 0
BOTTOM OF THE 3RD
Richardson City Thundercats batting - Pitching for Chicago Gold Sox : RHP Tom McKee
Batting: RHB Louis Gibbons 0-0: Foul Ball, location: 2F
0-1: Ball
1-1: Called Strike
1-2: Foul Ball, location: 2F
1-2: Ball
2-2: Foul Ball, location: 2F
2-2: Strikes out looking
Batting: RHB Felipe Campos 0-0: Ball
1-0: Ball
2-0: Called Strike
2-1: Ball
3-1: Fly out, F9 (Flyball, 89XD)
Batting: RHB IV Seacat 0-0: Fly out, F8 (Flyball, 8LM)
Bottom of the 3rd over - 0 runs, 0 hits, 0 errors, 0 left on base; Chicago 2 - Richardson City 0
TOP OF THE 4TH
Chicago Gold Sox batting - Pitching for Richardson City Thundercats : RHP Júlio Martínez
Batting: RHB Zeus Preckwinkle 0-0: Ball
1-0: SINGLE (Line Drive, 7S)
Batting: RHB Jorge Baker 0-0: Ball
1-0: Grounds into double play, 6-4-3 (Groundball, 6)
Batting: LHB Eddie Flynn 0-0: Foul Ball, location: 2F
0-1: Swinging Strike
0-2: Ball
1-2: Ball
2-2: Strikes out swinging
Top of the 4th over - 0 runs, 1 hit, 0 errors, 0 left on base; Chicago 2 - Richardson City 0
BOTTOM OF THE 4TH
Richardson City Thundercats batting - Pitching for Chicago Gold Sox : RHP Tom McKee
Batting: LHB Eduardo Álvarez 0-0: Called Strike
0-1: Ball
1-1: Ball
2-1: Fly out, F7 (Flyball, 78M)
Batting: LHB Juan Macíel 0-0: Ball
1-0: Fly out, F8 (Flyball, 8RXD)
Batting: SHB Mitch Qualtrough 0-0: Ball
1-0: Ball
2-0: Ball
3-0: Called Strike
3-1: Base on Balls
Batting: LHB Eric Thackston 0-0: Ball
1-0: Called Strike
1-1: Fly out, F8 (Flyball, 78D)
Bottom of the 4th over - 0 runs, 0 hits, 0 errors, 1 left on base; Chicago 2 - Richardson City 0
TOP OF THE 5TH
Chicago Gold Sox batting - Pitching for Richardson City Thundercats : RHP Júlio Martínez
Batting: RHB Jeb Sexton 0-0: Ball
1-0: SINGLE (Groundball, 6MD)
Batting: LHB Shigenobu Ohayashi 0-0: Ball
1-0: Sac Bunt - play at first, batter safe!
Jeb Sexton to second
Batting: LHB Noel Ballard 0-0: SINGLE (Groundball, 5L) (infield hit)
Jeb Sexton to third
Shigenobu Ohayashi to second
Batting: SHB Lupo Cotto 0-0: Ball
1-0: Foul Ball, location: 2F
1-1: Ball
2-1: Ball
3-1: Fly out, F9 (Flyball, 89S)
Batting: RHB Ben Kennerly 0-0: Called Strike
0-1: Foul Ball, location: 2F
0-2: Strikes out swinging
Batting: LHB Sergio Rodríguez 0-0: Ball
1-0: Fly out, F7 (Flyball, 78S)
Top of the 5th over - 0 runs, 3 hits, 0 errors, 3 left on base; Chicago 2 - Richardson City 0
BOTTOM OF THE 5TH
Richardson City Thundercats batting - Pitching for Chicago Gold Sox : RHP Tom McKee
Batting: LHB Fernando Ramírez 0-0: Ball
1-0: Called Strike
1-1: Fly out, F7 (Flyball, 78M)
Batting: RHB Tomás Martínez 0-0: Called Strike
0-1: Ground out 6-3 (Groundball, 6)
Batting: RHB Louis Gibbons 0-0: Ball
1-0: Called Strike
1-1: Fly out, F7 (Flyball, 7LD)
Bottom of the 5th over - 0 runs, 0 hits, 0 errors, 0 left on base; Chicago 2 - Richardson City 0
TOP OF THE 6TH
Chicago Gold Sox batting - Pitching for Richardson City Thundercats : RHP Júlio Martínez
Batting: RHB Zeus Preckwinkle 0-0: Ball
1-0: Ground out 5-3 (Groundball, 56S)
Batting: RHB Jorge Baker 0-0: Ball
1-0: Foul Ball, location: 2F
1-1: DOUBLE (Flyball, 8RXD)
Batting: LHB Eddie Flynn 0-0: Called Strike
0-1: Ball
1-1: Foul Ball, location: 2F
1-2: Ball
2-2: Ball
3-2: Foul Ball, location: 2F
3-2: Foul Ball, location: 2F
3-2: Ground out U3 (Groundball, 3L)
Jorge Baker to third
Batting: RHB Jeb Sexton 0-0: Foul Ball, location: 2F
0-1: Ball
1-1: Ball
2-1: Reached on error, E4 (Groundball, 4)
Jorge Baker scores
Batting: LHB Shigenobu Ohayashi 0-0: Ball
1-0: Called Strike
1-1: Ball
Jeb Sexton steals 2nd base
2-1: Foul Ball, location: 2F
2-2: SINGLE (Line Drive, 9LS)
Jeb Sexton to third
Runner from 3rd tries for Home, SAFE, no throw
Batting: LHB Noel Ballard 0-0: Called Strike
0-1: Called Strike
0-2: Ball
1-2: Ball
2-2: Ball
Shigenobu Ohayashi steals 2nd base
3-2: Foul Ball, location: 2F
3-2: Fly out, F7 (Flyball, 78M)
Top of the 6th over - 2 runs, 2 hits, 1 error, 1 left on base; Chicago 4 - Richardson City 0
BOTTOM OF THE 6TH
Richardson City Thundercats batting - Pitching for Chicago Gold Sox : RHP Tom McKee
Batting: RHB Felipe Campos 0-0: Ball
1-0: Ball
2-0: Fly out, F7 (Flyball, 78S)
Batting: RHB IV Seacat 0-0: Called Strike
0-1: Ball
1-1: Fly out, F3 (Popup, 3SF)
Batting: LHB Eduardo Álvarez 0-0: Ball
1-0: Ball
2-0: Ball
3-0: Called Strike
3-1: Base on Balls
Batting: LHB Juan Macíel 0-0: Ball
1-0: Foul Ball, location: 2F
1-1: Ball
2-1: Fly out, F9 (Flyball, 9LS)
Bottom of the 6th over - 0 runs, 0 hits, 0 errors, 1 left on base; Chicago 4 - Richardson City 0
TOP OF THE 7TH
Chicago Gold Sox batting - Pitching for Richardson City Thundercats : RHP Júlio Martínez
Batting: SHB Lupo Cotto 0-0: Ball
1-0: Foul Ball, location: 2F
1-1: Ball
2-1: Ball
3-1: Fly out, F9 (Flyball, 9LDF)
Batting: RHB Ben Kennerly 0-0: Ball
1-0: Called Strike
1-1: Ball
2-1: Ball
3-1: Foul Ball, location: 2F
3-2: Foul Ball, location: 2F
3-2: Base on Balls
Pitching: RHP Joe Pruitt
Batting: LHB Sergio Rodríguez Pickoff Throw to First - Error! E1
Ben Kennerly to second
0-0: Ball
1-0: Foul Ball, location: 2F
1-1: Ball
2-1: Fly out, F8 (Flyball, 8RM)
Runner from 2nd tags up, SAFE at 3rd with throw
Batting: RHB Zeus Preckwinkle 0-0: Ball
1-0: Foul Ball, location: 2F
1-1: Ball
2-1: Fly out, F7 (Flyball, 7LM)
Top of the 7th over - 0 runs, 0 hits, 1 error, 1 left on base; Chicago 4 - Richardson City 0
BOTTOM OF THE 7TH
Richardson City Thundercats batting - Pitching for Chicago Gold Sox : RHP Tom McKee
Batting: SHB Mitch Qualtrough 0-0: Ball
1-0: Called Strike
1-1: Ball
2-1: Ground out 6-3 (Groundball, 6)
Batting: LHB Eric Thackston 0-0: Called Strike
0-1: Called Strike
0-2: Ball
1-2: Strikes out swinging
Batting: LHB Fernando Ramírez 0-0: Called Strike
0-1: Ball
1-1: Swinging Strike
1-2: Fly out, F3 (Line Drive, 34S)
Bottom of the 7th over - 0 runs, 0 hits, 0 errors, 0 left on base; Chicago 4 - Richardson City 0
TOP OF THE 8TH
Chicago Gold Sox batting - Pitching for Richardson City Thundercats : RHP Joe Pruitt
Batting: RHB Jorge Baker 0-0: Ball
1-0: Called Strike
1-1: Swinging Strike
1-2: Ball
2-2: Strikes out swinging
Batting: LHB Eddie Flynn 0-0: Ball
1-0: Ball
2-0: Ball
3-0: Called Strike
3-1: Base on Balls
Batting: RHB Jeb Sexton 0-0: Called Strike
0-1: Ball
1-1: Ball
2-1: SINGLE (Line Drive, 3S) (infield hit)
Eddie Flynn to second
Batting: LHB Shigenobu Ohayashi 0-0: Called Strike
0-1: Called Strike
0-2: Foul Ball, location: 2F
0-2: Ball
1-2: Ball
2-2: Fielders Choice at 2nd, 4-6 (Groundball, 4)
Eddie Flynn to third
Batting: LHB Noel Ballard 0-0: Ball
1-0: Ball
2-0: Ball
3-0: Called Strike
3-1: Swinging Strike
3-2: Strikes out swinging
Top of the 8th over - 0 runs, 1 hit, 0 errors, 2 left on base; Chicago 4 - Richardson City 0
BOTTOM OF THE 8TH
Richardson City Thundercats batting - Pitching for Chicago Gold Sox : RHP Tom McKee
Batting: RHB Tomás Martínez 0-0: Ball
1-0: Called Strike
1-1: Ball
2-1: Foul Ball, location: 2F
2-2: Ball
3-2: Ground out 6-3 (Groundball, 6D)
Batting: RHB Louis Gibbons 0-0: Called Strike
0-1: Ball
1-1: Called Strike
1-2: Foul Ball, location: 2F
1-2: SOLO HOME RUN (Flyball, 9LD), Distance : 352 ft
Batting: RHB Felipe Campos 0-0: Foul Ball, location: 2F
0-1: Ball
1-1: Ball
2-1: Called Strike
2-2: Ball
3-2: Foul Ball, location: 2F
3-2: Base on Balls
Batting: RHB IV Seacat 0-0: Called Strike
0-1: Ball
1-1: Foul Ball, location: 2F
1-2: Ball
2-2: Fly out, F7 (Flyball, 78M)
Batting: LHB Eduardo Álvarez 0-0: Ball
1-0: Ball
2-0: Ball
Wild Pitch!
Felipe Campos to second
3-0: Called Strike
3-1: Foul Ball, location: 2F
3-2: Foul Ball, location: 2F
3-2: Strikes out swinging
Bottom of the 8th over - 1 run, 1 hit, 0 errors, 1 left on base; Chicago 4 - Richardson City 1
TOP OF THE 9TH
Chicago Gold Sox batting - Pitching for Richardson City Thundercats : RHP Joe Pruitt
Batting: SHB Lupo Cotto 0-0: Ball
1-0: Foul Ball, location: 2F
1-1: Foul Ball, location: 2F
1-2: Foul Ball, location: 2F
1-2: Ball
2-2: Foul Ball, location: 2F
2-2: Ground out 4-3 (Groundball, 34)
Batting: RHB Ben Kennerly 0-0: Called Strike
0-1: SINGLE (Groundball, 34D)
Batting: LHB Sergio Rodríguez 0-0: Called Strike
0-1: Ball
1-1: Grounds into double play, 4-6-3 (Groundball, 4M)
Top of the 9th over - 0 runs, 1 hit, 0 errors, 0 left on base; Chicago 4 - Richardson City 1
BOTTOM OF THE 9TH
Richardson City Thundercats batting - Pitching for Chicago Gold Sox : RHP Tom McKee
Batting: LHB Juan Macíel 0-0: Called Strike
0-1: Ground out U3 (Groundball, 3)
Batting: SHB Mitch Qualtrough 0-0: Ground out 4-3 (Groundball, 4M)
Batting: LHB Eric Thackston 0-0: Foul Ball, location: 2F
0-1: Ground out 5-3 (Groundball, 5L)
Bottom of the 9th over - 0 runs, 0 hits, 0 errors, 0 left on base; Chicago 4 - Richardson City 1
Tuesday, June 12th, 2018 - OOTP Baseball 18.8 Build 76